AoeStats
← Fefo

Pilgrims

508972033Analyzed
3v3 RM · 9d ago on Sep 24, 2026· 12m 17s· 6 players
Game mode
Random Map
Map size
Normal (6 player)
Population
200
Speed
Normal
Resources
Standard
Victory
Conquest
Starting age
Dark Age
Ending age
Imperial Age
RankedLock teamsTeams togetherTeam positionsShared explorationLock speedFull tech treeHidden civsTurbo modeCheats
Victory
Defeat
🇵🇪 Spanish · Peru
1014
+17
🇭🇰 Wei · Hong Kong SAR China
978
+18
🇧🇷 Persians · Brazil
946
+19
🇦🇷 Saracens · Argentina
1107
-22
🇦🇷 Varangians · Argentina
1080
-20
🇦🇷 Burgundians · Argentina
879
-12
No.09
6:00 Loom
moloneita
12:17 Feudal Age
Santísima TRINIDAD
6:10 Loom
14:10 Feudal Age
PEPO
9:36 Loom
11:21 Feudal Age
Fefo
7:29 Loom
11:09 Wheelbarrow
Tuxilion
9:02 Loom
12:45 Feudal Age
Connection lost

Rejoining the realm…

Still unreachable

The connection could not be restored.

Session expired

The server has moved on; the page needs a fresh start.